[Event "Team 45 45 League T93"]
[Site "Internet Chess Club"]
[Date "2022.07.19"]
[Round "1"]
[White "ElValero"]
[Black "kasraei"]
[Result "1-0"]
[WhiteElo "1788"]
[BlackElo "1739"]
[Opening "Caro-Kann: Panov-Botvinnik attack"]
[ECO "B13"]
[Time "10:00:37"]
[PlyCount "45"]
[TimeControl "2700+45"]

1. e4 c6 2. d4 d5 3. exd5 cxd5 4. c4 dxc4 5. Bxc4 e6 6. Nf3 Bb4+ 7. Nc3 Ne7 8.
O-O O-O 9. Qe2 a6 10. Bd3 b5 11. Qe4 f5 12. Qxa8 Qc7 13. Nxb5 Qb6 14. Qa7 Qd8
15. Qxb8 axb5 16. Bg5 h6 17. Bxe7 Qxe7 18. Qxb5 Bd7 19. Qb7 Qd6 20. a3 Rb8 21.
Qa7 Bc5 22. Qxc5 Qf4 23. Qe5 {Black resigns} 1-0

[Event "Team 45 45 League T93"]
[Site "Internet Chess Club"]
[Date "2022.07.16"]
[Round "1"]
[White "mongmong"]
[Black "Timmah4651"]
[Result "0-1"]
[WhiteElo "1529"]
[BlackElo "1601"]
[Opening "Queen's pawn game"]
[ECO "D04"]
[Time "06:00:32"]
[PlyCount "50"]
[TimeControl "2700+45"]

1. d4 d5 2. Nf3 Nf6 3. e3 Bg4 4. c4 e6 5. Nbd2 c6 6. Bd3 Bd6 7. Qb3 Qc8 8. cxd5
exd5 9. Qc2 Nbd7 10. O-O O-O 11. b3 Bh5 12. Bb2 Re8 13. Rac1 Bg6 14. Bxg6 hxg6
15. h3 Ne4 16. a3 Ndf6 17. Ne5 Nxd2 18. Qxd2 Ne4 19. Qd3 g5 20. b4 f6 21. Nf3 g4
22. hxg4 Qxg4 23. Qd1 a6 24. Nh2 Qh4 25. g3 Nxg3 {White resigns} 0-1

[Event "Team 45 45 League T93"]
[Site "Internet Chess Club"]
[Date "2022.07.17"]
[Round "1"]
[White "walkover"]
[Black "MrAbendroth"]
[Result "1-0"]
[WhiteElo "1701"]
[BlackElo "1634"]
[Opening "Nimzo-Indian: Sämisch variation"]
[ECO "E29"]
[Time "13:00:47"]
[PlyCount "79"]
[TimeControl "2700+45"]

1. d4 Nf6 2. c4 e6 3. Nc3 Bb4 4. a3 Bxc3+ 5. bxc3 c5 6. e3 O-O 7. Bd3 d5 8. cxd5
exd5 9. Ne2 c4 10. Bc2 Re8 11. O-O Bd7 12. f3 Bc6 13. Ng3 h5 14. h4 Qc7 15. Nf5
Nbd7 16. e4 dxe4 17. fxe4 Bxe4 18. Bf4 Qc6 19. Ba4 Qd5 20. Nd6 Re6 21. Nxe4 Rxe4
22. Bc2 Re6 23. Bg5 Ng4 24. Bf5 Rb6 25. Bxg4 hxg4 26. Qxg4 Rg6 27. Rf5 Qe6 28.
Raf1 Nf6 29. Qf3 Rf8 30. h5 Rxg5 31. Rxg5 Ne4 32. Re5 Qd6 33. Qxe4 Qxa3 34. h6
g6 35. Rf6 Kh7 36. Qf4 Qa1+ 37. Kh2 Qd1 38. Rxf7+ Rxf7 39. Qxf7+ Kxh6 40. Qf8+
{Black resigns} 1-0

[Event "Team 45 45 League T93"]
[Site "Internet Chess Club"]
[Date "2022.07.15"]
[Round "1"]
[White "LoseOften"]
[Black "ARMAND02019"]
[Result "1-0"]
[WhiteElo "1511"]
[BlackElo "1593"]
[Opening "Sicilian: Labourdonnais-Löwenthal variation"]
[ECO "B32"]
[Time "13:00:45"]
[PlyCount "51"]
[TimeControl "2700+45"]

1. e4 c5 2. Nf3 Nc6 3. d4 cxd4 4. Nxd4 e5 5. Nb5 Nf6 6. N1c3 Be7 7. Nd6+ Bxd6 8.
Qxd6 Qe7 9. Qd1 h6 10. f3 a6 11. Be3 b5 12. a3 Bb7 13. b4 d6 14. Nd5 Nxd5 15.
exd5 Nd8 16. c4 bxc4 17. Bxc4 O-O 18. O-O f5 19. Rc1 Nf7 20. Qd3 e4 21. fxe4 Ne5
22. Qd4 fxe4 23. Rxf8+ Rxf8 24. Qxe4 Nf3+ 25. gxf3 Qf6 26. Bd3 {Black resigns}
1-0

[Event "Team 45 45 League T93"]
[Site "Internet Chess Club"]
[Date "2022.07.14"]
[Round "1"]
[White "julesraider"]
[Black "Egmont"]
[Result "0-1"]
[WhiteElo "1599"]
[BlackElo "1596"]
[Opening "QGD Slav: Dutch variation"]
[ECO "D18"]
[Time "13:00:11"]
[PlyCount "150"]
[TimeControl "2700+45"]

1. d4 d5 2. c4 c6 3. Nc3 Nf6 4. Nf3 dxc4 5. a4 Bf5 6. e3 e6 7. Bxc4 Bb4 8. O-O
O-O 9. Na2 Bd6 10. Bd2 a5 11. b4 axb4 12. Bxb4 Bxb4 13. Nxb4 Nbd7 14. Bb3 Qb6
15. Nd3 Nd5 16. Re1 Nc3 17. Qc2 Bxd3 18. Qxc3 Bg6 19. a5 Qc7 20. Rec1 Nf6 21.
Ne5 Ra6 22. Bc4 Nd5 23. Qd2 Ra7 24. Nxg6 hxg6 25. e4 Nf6 26. f3 Rfa8 27. a6 bxa6
28. Rcb1 c5 29. Qe3 cxd4 30. Qxd4 Rd8 31. Qb6 Qxb6+ 32. Rxb6 a5 33. Ra4 Rc8 34.
Bb5 Kf8 35. Ra6 Rxa6 36. Bxa6 Rc5 37. Kf2 Nd7 38. Ra3 Ke7 39. Ke3 Kd6 40. f4 Nb6
41. g4 a4 42. Kd4 e5+ 43. fxe5+ Rxe5 44. Rf3 Ra5 45. Bb7 a3 46. Rf1 a2 47. Ra1
Kc7 48. Bd5 Nxd5 49. exd5 Kd6 50. Kc4 Ra4+ 51. Kb3 Rxg4 52. Rxa2 Kxd5 53. Ra5+
Ke6 54. Ra6+ Kf5 55. Ra5+ Kf4 56. Ra7 f5 57. Rxg7 Kg5 58. Kc3 Rh4 59. Kd3 Rxh2
60. Ke3 Rg2 61. Kf3 Rg4 62. Rg8 Ra4 63. Rc8 Ra3+ 64. Kg2 Kg4 65. Rc4+ f4 66. Rb4
Ra2+ 67. Kf1 g5 68. Kg1 Kg3 69. Kf1 f3 70. Ke1 Ra1+ 71. Kd2 f2 72. Rb8 f1=Q 73.
Rb3+ Kh4 74. Rb4+ g4 75. Rb8 Qf4+ {White resigns} 0-1

[Event "Team 45 45 League T93"]
[Site "Internet Chess Club"]
[Date "2022.07.17"]
[Round "1"]
[White "bobhill"]
[Black "fishhead"]
[Result "0-1"]
[WhiteElo "1824"]
[BlackElo "1711"]
[Opening "King's Indian: Torre attack"]
[ECO "A48"]
[Time "21:02:37"]
[PlyCount "120"]
[TimeControl "2700+45"]

1. d4 Nf6 2. Nf3 g6 3. Bg5 Bg7 4. Nbd2 h6 5. Bh4 g5 6. Bg3 Nh5 7. e3 d6 8. c3
Bg4 9. Qc2 Qd7 10. Bc4 e6 11. a3 Nc6 12. Rc1 Ne7 13. Ba2 Nxg3 14. hxg3 Bf5 15.
e4 Bh7 16. Qb3 c5 17. O-O b6 18. dxc5 bxc5 19. Rcd1 O-O 20. Bb1 Rab8 21. Qa2 Qb7
22. Nc4 d5 23. exd5 Bxb1 24. Rxb1 exd5 25. Nce5 Qb3 26. Qa1 Rfd8 27. Nd2 Qc2 28.
Nef3 g4 29. Rfc1 Qd3 30. Rd1 gxf3 31. Nxf3 Qf5 32. Rd2 d4 33. Rbd1 d3 34. Nh4
Qh7 35. Qa2 Nc6 36. Qc4 Bf8 37. Nf3 Qg6 38. b4 cxb4 39. cxb4 Rbc8 40. Qb3 Nd4
41. Nxd4 Rxd4 42. b5 Rcd8 43. a4 Bb4 44. Rb2 d2 45. f4 Ba5 46. Qf3 Rd3 47. f5
Qg5 48. Qf4 Rxg3 49. Qxg5+ Rxg5 50. Kh2 Rxf5 51. g4 Rf4 52. Kg3 Rxa4 53. Kh4 f5
54. b6 axb6 55. Rb5 fxg4 56. Kh5 Kg7 57. Re5 g3 58. Re7+ Kf6 59. Rf7+ Kxf7 60.
Rf1+ Ke7 {White resigns} 0-1

[Event "Team 45 45 League T93"]
[Site "Internet Chess Club"]
[Date "2022.07.18"]
[Round "1"]
[White "fvafier"]
[Black "Beetlejuice"]
[Result "0-1"]
[WhiteElo "1488"]
[BlackElo "1713"]
[Opening "Sicilian defense"]
[ECO "B30"]
[Time "14:00:21"]
[PlyCount "134"]
[TimeControl "2700+45"]

1. e4 c5 2. Nf3 Nc6 3. g3 g6 4. Bg2 Bg7 5. O-O e5 6. d3 Nge7 7. Re1 O-O 8. c3 d6
9. Nbd2 h6 10. a3 Be6 11. b4 Qd7 12. Bb2 f5 13. d4 fxe4 14. Nxe4 exd4 15. cxd4
cxb4 16. axb4 Nxb4 17. Qd2 Ned5 18. Nc3 Nxc3 19. Bxc3 Nd5 20. Bb2 Nb6 21. Qb4
Bd5 22. Nd2 Bxg2 23. Kxg2 Kh7 24. Re2 Rf7 25. Rae1 Nd5 26. Qb3 Qc6 27. Kg1 b5
28. Ne4 Rc7 29. Rc1 Qb7 30. Rxc7 Nxc7 31. Nxd6 Qb6 32. Qb4 a5 33. Qc5 Qxc5 34.
dxc5 Bxb2 35. Rxb2 a4 36. Rb1 a3 37. Ne4 a2 38. Ra1 b4 39. Nd2 Nb5 40. c6 Nd4
41. c7 b3 42. Nxb3 Nxb3 43. Rxa2 Rc8 44. Rb2 Nc5 45. Re2 Rxc7 46. h4 Kg7 47. Kg2
Kf6 48. g4 Re7 49. g5+ hxg5 50. hxg5+ Kf7 51. Rc2 Re5 52. f4 Rf5 53. Kf3 Ne6 54.
Kg3 Rxf4 55. Rc7+ Nxc7 56. Kxf4 Ne6+ 57. Kg4 Ke7 58. Kh4 Kd6 59. Kg4 Ke5 60. Kg3
Kf5 61. Kh4 Nxg5 62. Kg3 Ne6 63. Kf3 Kg5 64. Kg3 Nc5 65. Kh3 Kf4 66. Kg2 Kg4 67.
Kh2 Kf3 {White resigns} 0-1

[Event "Team 45 45 League T93"]
[Site "Internet Chess Club"]
[Date "2022.07.15"]
[Round "1"]
[White "ZenoElea"]
[Black "Signofthetimes"]
[Result "1-0"]
[WhiteElo "1698"]
[BlackElo "1504"]
[Opening "Caro-Kann: exchange variation"]
[ECO "B13"]
[Time "10:00:49"]
[PlyCount "75"]
[TimeControl "2700+45"]

1. d4 c6 2. e4 d5 3. exd5 cxd5 4. Nf3 Nf6 5. Be2 Nc6 6. O-O Bf5 7. Bb5 e6 8. Ne5
Qb6 9. Nc3 Bd6 10. Bg5 Ne4 11. Nxe4 Bxe4 12. Qe2 f6 13. Bxc6+ bxc6 14. Nc4 Qc7
15. Nxd6+ Qxd6 16. f3 Bxc2 17. Bxf6 gxf6 18. Qxc2 Kd7 19. Rac1 Rab8 20. b3 Rbg8
21. b4 Rg6 22. Qa4 Ra8 23. b5 cxb5 24. Qxb5+ Kd8 25. Qb7 Qb8 26. Qxh7 Rg5 27.
Qh8+ Kd7 28. Qxf6 Qg8 29. Rf2 Rf8 30. Rc7+ Kxc7 31. Qe7+ Kb6 32. Rb2+ Kc6 33.
Rc2+ Kb5 34. Qc5+ Ka4 35. Qc6+ Ka3 36. Qc3+ Ka4 37. Qb3+ Ka5 38. Rc5+ {Black
resigns} 1-0

[Event "Team 45 45 League T93"]
[Site "Internet Chess Club"]
[Date "2022.07.18"]
[Round "1"]
[White "BlueStorm"]
[Black "Rookmaster"]
[Result "1-0"]
[WhiteElo "1431"]
[BlackElo "1486"]
[Opening "Colle system"]
[ECO "D05"]
[Time "19:00:41"]
[PlyCount "39"]
[TimeControl "2700+45"]

1. d4 d5 2. Nf3 Nf6 3. e3 e6 4. Bd3 c5 5. c3 Nc6 6. Nbd2 cxd4 7. exd4 Bd6 8. O-O
O-O 9. Re1 Re8 10. Nf1 e5 11. dxe5 Nxe5 12. Nxe5 Bxe5 13. g3 Bh3 14. Bg5 Qb6 15.
Bxf6 Bxf6 16. Qh5 h6 17. Qxh3 Qxb2 18. Qd7 Rxe1 19. Rxe1 Rf8 20. Qf5 {Black
resigns} 1-0

[Event "Team 45 45 League T93"]
[Site "Internet Chess Club"]
[Date "2022.07.13"]
[Round "1"]
[White "cyborg86"]
[Black "AlekMoro"]
[Result "1-0"]
[WhiteElo "2270"]
[BlackElo "1978"]
[Opening "Catalan: closed, 5.Nf3"]
[ECO "E06"]
[Time "14:32:35"]
[PlyCount "27"]
[TimeControl "2700+45"]

1. d4 d5 2. c4 e6 3. Nf3 Nf6 4. g3 Be7 5. Bg2 O-O 6. O-O b6 7. cxd5 exd5 8. Nc3
Bb7 9. Ne5 Nbd7 10. Qa4 c6 11. Nxc6 Bxc6 12. Qxc6 Rc8 13. Qa4 Qc7 14. Nxd5
{Black resigns} 1-0

[Event "Team 45 45 League T93"]
[Site "Internet Chess Club"]
[Date "2022.07.15"]
[Round "1"]
[White "primerpaso"]
[Black "timcent"]
[Result "1/2-1/2"]
[WhiteElo "1864"]
[BlackElo "1873"]
[Opening "English: Sicilian reversed"]
[ECO "A25"]
[Time "14:11:47"]
[PlyCount "59"]
[TimeControl "2700+45"]

1. c4 e5 2. Nc3 Nc6 3. g3 Bc5 4. Bg2 d6 5. e3 Bf5 6. d3 Qd7 7. a3 Nf6 8. b4 Bb6
9. Bb2 O-O 10. Nd5 Nxd5 11. cxd5 Ne7 12. e4 Bg4 13. Qd2 h6 14. h3 Bh5 15. g4 Bg6
16. Ne2 c6 17. dxc6 Nxc6 18. O-O f6 19. d4 Rfd8 20. Rfd1 Qe7 21. a4 a5 22. b5
Nxd4 23. Nxd4 Bxd4 24. Bxd4 exd4 25. Qxd4 Qe5 26. Rac1 Qxd4 27. Rxd4 Rd7 28. f4
Rad8 29. Rcd1 Kf8 30. Kf2 {Game drawn by mutual agreement} 1/2-1/2

[Event "Team 45 45 League T93"]
[Site "Internet Chess Club"]
[Date "2022.07.13"]
[Round "1"]
[White "Alec-hine"]
[Black "Portola"]
[Result "1-0"]
[WhiteElo "1693"]
[BlackElo "1667"]
[Opening "QGD: classical variation (5.Bf4)"]
[ECO "D37"]
[Time "15:00:29"]
[PlyCount "75"]
[TimeControl "2700+45"]

1. d4 d5 2. c4 e6 3. Nf3 Nf6 4. Nc3 Be7 5. Bf4 c6 6. e3 O-O 7. Bd3 Nbd7 8. O-O
b6 9. Qc2 Bb7 10. Ne5 h6 11. e4 dxe4 12. Nxe4 Nxe5 13. Nxf6+ Bxf6 14. dxe5 Bg5
15. Bxg5 Qxg5 16. f4 Qe7 17. c5 Rfd8 18. Rad1 bxc5 19. Be4 Rd4 20. Rc1 c4 21.
Rfd1 Rad8 22. Rxd4 Rxd4 23. Rd1 c5 24. Re1 Bxe4 25. Rxe4 Qd7 26. h3 Qd5 27. Re2
Rd1+ 28. Kh2 Qd3 29. Rf2 Qd4 30. Qe2 Rd3 31. Qc2 c3 32. bxc3 Rxc3 33. Qb2 Qe3
34. Rf3 Qxf3 35. gxf3 Rxf3 36. Qb8+ Kh7 37. Qxa7 c4 38. Qd4 {Black resigns} 1-0

[Event "Team 45 45 League T93"]
[Site "Internet Chess Club"]
[Date "2022.07.18"]
[Round "1"]
[White "cool64chess"]
[Black "achessman"]
[Result "1/2-1/2"]
[WhiteElo "2003"]
[BlackElo "1815"]
[Opening "QGD: Cambridge Springs defense, Bogolyubov variation"]
[ECO "D52"]
[Time "06:11:43"]
[PlyCount "31"]
[TimeControl "2700+45"]

1. d4 d5 2. c4 c6 3. Nc3 Nf6 4. Nf3 e6 5. Bg5 Nbd7 6. e3 Qa5 7. Nd2 Bb4 8. Qc2
dxc4 9. Bxf6 Nxf6 10. Nxc4 Qc7 11. Bd3 c5 12. O-O Bd7 13. a3 cxd4 14. axb4 dxc3
15. Qxc3 O-O 16. Ne5 {Game drawn by mutual agreement} 1/2-1/2

[Event "Team 45 45 League T93"]
[Site "Internet Chess Club"]
[Date "2022.07.16"]
[Round "1"]
[White "ElValero"]
[Black "Ajolote"]
[Result "0-1"]
[WhiteElo "1775"]
[BlackElo "2005"]
[Opening "QGA, 4.e3"]
[ECO "D25"]
[Time "13:00:49"]
[PlyCount "68"]
[TimeControl "2700+45"]

1. Nf3 d5 2. d4 Nf6 3. c4 dxc4 4. e3 b5 5. a4 b4 6. Bxc4 e6 7. O-O Be7 8. Qe2
Bb7 9. Rd1 O-O 10. a5 a6 11. b3 c5 12. dxc5 Qc7 13. Bb2 Nbd7 14. Nbd2 Rfd8 15.
Bd4 Nxc5 16. Rdc1 Nfd7 17. e4 Qf4 18. Be3 Qg4 19. h3 Qg6 20. Rd1 Nxe4 21. Nxe4
Bxe4 22. Bxa6 Rxa6 23. Qxa6 Bxf3 24. Qf1 Bxd1 25. Rxd1 Qc2 26. a6 Qc6 27. a7 Ra8
28. Rc1 Qb7 29. Qc4 Kf8 30. Qc7 Qxc7 31. Rxc7 Ke8 32. Rb7 Bd6 33. g3 Kd8 34.
Bb6+ Kc8 {White resigns} 0-1

[Event "Team 45 45 League T93"]
[Site "Internet Chess Club"]
[Date "2022.07.15"]
[Round "1"]
[White "Tufnell"]
[Black "LookImYourVader"]
[Result "0-1"]
[WhiteElo "1885"]
[BlackElo "1814"]
[Opening "Scandinavian defense"]
[ECO "B01"]
[Time "14:30:23"]
[PlyCount "50"]
[TimeControl "2700+45"]

1. e4 d5 2. exd5 Nf6 3. Bb5+ Nbd7 4. c4 a6 5. Ba4 b5 6. cxb5 Nxd5 7. Nc3 Bb7 8.
Nf3 e6 9. O-O Bd6 10. d4 O-O 11. bxa6 Rxa6 12. Bb5 Ra5 13. a4 N7b6 14. Re1 Nxc3
15. bxc3 Qa8 16. Bd2 Ra7 17. c4 c6 18. c5 cxb5 19. axb5 Bxf3 20. Rxa7 Bxd1 21.
Rxa8 Rxa8 22. Rxd1 Nc4 23. cxd6 Nxd2 24. d7 Nc4 25. Rc1 Nb6 {White resigns} 0-1

[Event "Team 45 45 League T93"]
[Site "Internet Chess Club"]
[Date "2022.07.15"]
[Round "1"]
[White "burlap"]
[Black "Davidorcinus"]
[Result "0-1"]
[WhiteElo "1503"]
[BlackElo "1796"]
[Opening "Dutch"]
[ECO "A80"]
[Time "15:30:21"]
[PlyCount "90"]
[TimeControl "2700+45"]

1. d4 f5 2. Bf4 Nf6 3. e3 e6 4. Nd2 d6 5. Ngf3 Be7 6. Bd3 Nh5 7. Bg3 Nc6 8. c3
O-O 9. O-O Kh8 10. Re1 Nxg3 11. hxg3 e5 12. dxe5 dxe5 13. Bc2 Qe8 14. e4 f4 15.
gxf4 Rxf4 16. Bb3 Bg4 17. Qc2 Qh5 18. Qd3 Raf8 19. Bd1 R8f6 20. Nf1 Bxf3 21.
Bxf3 Rxf3 22. gxf3 Bc5 23. Ng3 Qh3 24. Re3 Rg6 25. Rae1 h5 26. Qf1 Qh4 27. b4
Bb6 28. b5 Nd8 29. Qd3 Ne6 30. Qf1 Nf4 31. R1e2 Nxe2+ 32. Qxe2 Bxe3 33. Qxe3 Qf4
34. Qxf4 exf4 35. Kg2 h4 36. Kh3 hxg3 37. fxg3 fxg3 38. Kg2 Kg8 39. c4 Kf7 40.
f4 Rg4 41. f5 Kf6 42. c5 Ke5 43. b6 axb6 44. cxb6 cxb6 45. a4 Kxe4 {White
resigns} 0-1

[Event "Team 45 45 League T93"]
[Site "Internet Chess Club"]
[Date "2022.07.18"]
[Round "1"]
[White "walkover"]
[Black "evan7284"]
[Result "1/2-1/2"]
[WhiteElo "1695"]
[BlackElo "1577"]
[Opening "Petrov: modern attack, Symmetrical variation"]
[ECO "C43"]
[Time "14:30:33"]
[PlyCount "32"]
[TimeControl "2700+45"]

1. e4 e5 2. Nf3 Nf6 3. d4 Nxe4 4. Bd3 d5 5. Nxe5 Bd6 6. O-O O-O 7. Nc3 Nxc3 8.
bxc3 Re8 9. Bxh7+ Kxh7 10. Qh5+ Kg8 11. Qxf7+ Kh7 12. Qg6+ Kg8 13. Bg5 Be7 14.
Qf7+ Kh7 15. Qg6+ Kg8 16. Qf7+ Kh7 {Game drawn by mutual agreement} 1/2-1/2

[Event "Team 45 45 League T93"]
[Site "Internet Chess Club"]
[Date "2022.07.14"]
[Round "1"]
[White "WillC"]
[Black "ARMAND02019"]
[Result "1-0"]
[WhiteElo "1542"]
[BlackElo "1614"]
[Opening "Queen's pawn game"]
[ECO "D02"]
[Time "20:03:46"]
[PlyCount "59"]
[TimeControl "2700+45"]

1. d4 d5 2. Nf3 c6 3. e3 Bg4 4. Nbd2 Nf6 5. Be2 g6 6. b3 Bg7 7. Bb2 O-O 8. O-O
Nbd7 9. c4 Nb6 10. Ne5 Bxe2 11. Qxe2 Nfd7 12. f4 f6 13. Nd3 Qc7 14. Rac1 Rae8
15. Ba3 Rf7 16. Nf3 e5 17. dxe5 fxe5 18. Ng5 e4 19. Nc5 Rfe7 20. Nxd7 Rxd7 21.
Qg4 h5 22. Qh3 Qb8 23. c5 Rdd8 24. cxb6 axb6 25. Ne6 Rc8 26. Nxg7 Kxg7 27. Qd7+
Kh6 28. Be7 h4 29. Bg5+ Kh5 30. h3 {Black resigns} 1-0

[Event "Team 45 45 League T93"]
[Site "Internet Chess Club"]
[Date "2022.07.15"]
[Round "1"]
[White "jfkingiii"]
[Black "RD1974"]
[Result "1-0"]
[WhiteElo "1482"]
[BlackElo "1567"]
[Opening "French defense"]
[ECO "C11"]
[Time "18:03:45"]
[PlyCount "95"]
[TimeControl "2700+45"]

1. e4 e6 2. d4 d5 3. Nc3 Nf6 4. exd5 exd5 5. Nf3 Bd6 6. Be2 O-O 7. O-O h6 8. Be3
Bf5 9. Qd2 Ne4 10. Nxe4 dxe4 11. Ne5 Nd7 12. Nxd7 Qxd7 13. Rfe1 Rad8 14. c3 c6
15. Bf4 Rfe8 16. Bxd6 Qxd6 17. Bc4 Qg6 18. Qe3 Rd6 19. f3 b5 20. Bb3 a5 21. Bc2
Rde6 22. fxe4 Bxe4 23. Bxe4 Rxe4 24. Qf2 Qe6 25. Rxe4 Qxe4 26. Rf1 f6 27. Qf3
Qe6 28. a3 b4 29. axb4 axb4 30. Ra1 Qe2 31. Qxc6 bxc3 32. bxc3 Qe3+ 33. Kf1 Re4
34. Qd5+ Re6 35. Qf3 Qxf3+ 36. gxf3 Re3 37. Rc1 Rxf3+ 38. Ke2 Rh3 39. c4 Rxh2+
40. Kd3 Kf7 41. d5 g5 42. c5 g4 43. c6 Rh3+ 44. Ke4 g3 45. c7 g2 46. c8=Q Rh1
47. Rc7+ Kg6 48. Qf5# {Black checkmated} 1-0

[Event "Team 45 45 League T93"]
[Site "Internet Chess Club"]
[Date "2022.07.14"]
[Round "1"]
[White "ChessMaine"]
[Black "xingon"]
[Result "1-0"]
[WhiteElo "1438"]
[BlackElo "1314"]
[Opening "Queen's pawn game"]
[ECO "D00"]
[Time "21:00:31"]
[PlyCount "51"]
[TimeControl "2700+45"]

1. d4 d5 2. e3 e6 3. Bd3 c5 4. c3 Nf6 5. Nd2 Bd6 6. f4 Nbd7 7. Ngf3 O-O 8. Ne5
c4 9. Bc2 b5 10. O-O b4 11. Rf3 a5 12. Rh3 a4 13. g4 b3 14. axb3 cxb3 15. Bb1
Bb7 16. g5 Ne4 17. Qh5 h6 18. gxh6 Ndf6 19. h7+ Kh8 20. Nxf7+ Rxf7 21. Qxf7 Qc8
22. Nf3 e5 23. Rh4 exf4 24. exf4 Bc6 25. Ne5 Be8 26. Ng6# {Black checkmated} 1-0

[Event "Team 45 45 League T93"]
[Site "Internet Chess Club"]
[Date "2022.07.16"]
[Round "1"]
[White "Chess4Him"]
[Black "scostanzo212"]
[Result "0-1"]
[WhiteElo "1465"]
[BlackElo "1567"]
[Opening "Queen's bishop game"]
[ECO "D02"]
[Time "13:00:59"]
[PlyCount "166"]
[TimeControl "2700+45"]

1. d4 d5 2. Nf3 Nf6 3. Bf4 c5 4. e3 Nc6 5. Nc3 a6 6. a3 cxd4 7. exd4 Bg4 8. Be2
e6 9. h3 Bxf3 10. Bxf3 b5 11. O-O Qb6 12. Be3 g6 13. Ne2 Bg7 14. c3 O-O 15. Ng3
a5 16. Qd2 b4 17. Rfb1 Nd7 18. Be2 Rfb8 19. a4 Qd8 20. Bb5 bxc3 21. bxc3 Qc8 22.
Rb2 Na7 23. Bxd7 Qxd7 24. Rxb8+ Rxb8 25. Qd3 Qb7 26. Bf4 Rc8 27. Rb1 Qc6 28. Ne2
Qxa4 29. Qa6 Qc2 30. Rc1 Qb2 31. Qxa7 Qxe2 32. Qxa5 Bxd4 33. Bh6 Qxf2+ 34. Kh1
Bg7 35. Qa6 Rf8 36. Bxg7 Kxg7 37. Rf1 Qc5 38. Qd3 Qc4 39. Qf3 Qh4 40. Qe3 Qe4
41. Qg3 Kg8 42. Re1 Qc4 43. Qe5 Qc8 44. Qf6 Qd8 45. Qe5 Qe7 46. Qd4 f6 47. Qxd5
exd5 48. Rxe7 Rc8 49. Rd7 Rxc3 50. Rxd5 Kg7 51. Kg1 f5 52. Kf2 Kf6 53. h4 Ke6
54. Rd2 Ke5 55. Re2+ Kf4 56. Rd2 Kg4 57. Rd7 Rc2+ 58. Kf1 Kxh4 59. Rxh7+ Kg4 60.
Rh3 g5 61. Rf3 f4 62. Rd3 Rc1+ 63. Kf2 Rc2+ 64. Kf1 Kh4 65. Rh3+ Kg4 66. Rd3 Rc8
67. Kf2 Re8 68. Rd2 Re3 69. Rd4 Kf5 70. Rd5+ Re5 71. Rd3 g4 72. g3 f3 73. Rd4
Re2+ 74. Kf1 Rg2 75. Rf4+ Kg5 76. Rf8 Rxg3 77. Kf2 Rg2+ 78. Ke3 Re2+ 79. Kd3 Kh4
80. Rh8+ Kg3 81. Rg8 Re7 82. Rf8 Kg2 83. Rf4 g3 {White resigns} 0-1

[Event "Team 45 45 League T93"]
[Site "Internet Chess Club"]
[Date "2022.07.16"]
[Round "1"]
[White "Signofthetimes"]
[Black "BlueStorm"]
[Result "1-0"]
[WhiteElo "1515"]
[BlackElo "1383"]
[Opening "KP: Nimzovich defense"]
[ECO "B00"]
[Time "10:00:50"]
[PlyCount "205"]
[TimeControl "2700+45"]

1. e4 Nc6 2. Nf3 d6 3. Bc4 e5 4. Nc3 Bg4 5. h3 Bh5 6. d3 Be7 7. Be3 Nf6 8. Nd5
Nxd5 9. Bxd5 Nb4 10. Bb3 O-O 11. Qd2 a5 12. g4 Bg6 13. h4 h5 14. gxh5 Bxh5 15.
Rh3 c6 16. a3 Na6 17. O-O-O Nc7 18. Rg1 Qd7 19. Rhg3 g6 20. Bh6 Rfe8 21. Ng5
Bxg5 22. Bxg5 Ne6 23. Bf6 Kh7 24. c3 b5 25. Bd1 Bxd1 26. Kxd1 b4 27. Rh1 bxc3
28. bxc3 Rab8 29. Ke2 Qb7 30. Kf3 Qb2 31. Qxb2 Rxb2 32. h5 g5 33. Bxg5 Rg8 34.
Be7 Rxg3+ 35. fxg3 d5 36. exd5 cxd5 37. Bf6 d4 38. cxd4 exd4 39. Ke4 Rb3 40.
Bxd4 Nxd4 41. Kxd4 Rxa3 42. Rc1 Ra4+ 43. Rc4 Ra1 44. g4 Kh6 45. Kc5 a4 46. Kb4
a3 47. Kb3 Rd1 48. Rd4 f5 49. gxf5 Kxh5 50. Kxa3 Kg5 51. Rd5 Kf6 52. Kb4 Rf1 53.
Kc5 Rc1+ 54. Kd6 Ra1 55. d4 Ra6+ 56. Kc5 Ra5+ 57. Kc4 Ra4+ 58. Kd3 Ra1 59. Ke2
Ra2+ 60. Kf3 Ra1 61. Rc5 Re1 62. Rb5 Re8 63. Kf4 Re1 64. Rb6+ Kf7 65. f6 Rf1+
66. Ke5 Re1+ 67. Kd5 Rd1 68. Rd6 Rd2 69. Kc6 Rc2+ 70. Kd7 Rd2 71. d5 Rd3 72. Kc7
Rc3+ 73. Rc6 Rd3 74. d6 Ra3 75. d7 Ra7+ 76. Kd6 Ra8 77. Rc8 Ra6+ 78. Kc5 Ra5+
79. Kb6 Rd5 80. d8=Q Rxd8 81. Rxd8 Kxf6 82. Rd2 Ke5 83. Kc5 Ke4 84. Rd7 Ke5 85.
Re7+ Kf6 86. Re1 Kf5 87. Kd4 Kf6 88. Kd5 Kf7 89. Kd6 Kg6 90. Rf1 Kg5 91. Ke6 Kg4
92. Ke5 Kg3 93. Ke4 Kg2 94. Rf8 Kg3 95. Rf7 Kg2 96. Ke3 Kg3 97. Rg7+ Kh4 98. Kf4
Kh5 99. Rg1 Kh6 100. Kf5 Kh7 101. Kf6 Kh8 102. Kf7 Kh7 103. Rh1# {Black
checkmated} 1-0

[Event "Team 45 45 League T93"]
[Site "Internet Chess Club"]
[Date "2022.07.15"]
[Round "1"]
[White "BrerRabbit"]
[Black "Kingofknights"]
[Result "0-1"]
[WhiteElo "1361"]
[BlackElo "1451"]
[Opening "Queen's pawn game, Darooha variation "]
[ECO "D02"]
[Time "11:31:44"]
[PlyCount "90"]
[TimeControl "2700+45"]

1. d4 d5 2. Nf3 Nf6 3. g3 c5 4. Bg2 Nc6 5. O-O Bf5 6. c4 e6 7. cxd5 exd5 8. Nc3
c4 9. Bg5 Be7 10. Rc1 O-O 11. Bf4 Ne4 12. Ne5 Nxc3 13. bxc3 f6 14. Nf3 Ba3 15.
Rb1 Bxb1 16. Qxb1 b6 17. Qb5 Qd7 18. Ne1 Rad8 19. Nc2 Be7 20. Ne3 Nxd4 21. Bxd5+
Kh8 22. Qxc4 Nc2 23. Be6 Nxe3 24. Bxe3 Qb7 25. Bh3 Qd5 26. Qc7 Bc5 27. Bg2 Qd7
28. Qxd7 Rxd7 29. Bxc5 bxc5 30. Rb1 Rfd8 31. Rb5 Rd2 32. e3 Rxa2 33. Rxc5 Ra1+
34. Bf1 g6 35. Kg2 a5 36. Rc7 a4 37. Ra7 a3 38. c4 Rdd1 39. Be2 Rd2 40. Bf3 a2
41. c5 Rc1 42. c6 a1=Q 43. Rxa1 Rxa1 44. c7 Rc1 45. Bb7 Rxc7 {White resigns} 0-1

[Event "Team 45 45 League T93"]
[Site "Internet Chess Club"]
[Date "2022.07.16"]
[Round "1"]
[White "kingphisch"]
[Black "Ostap-Bender"]
[Result "1-0"]
[WhiteElo "1329"]
[BlackElo "1216"]
[Opening "Sicilian: closed"]
[ECO "B23"]
[Time "14:05:01"]
[PlyCount "85"]
[TimeControl "2700+45"]

1. e4 c5 2. Nc3 e6 3. f4 Be7 4. Nf3 d5 5. g3 dxe4 6. Nxe4 Nf6 7. Nc3 O-O 8. Bg2
Nc6 9. O-O Rb8 10. d3 Qc7 11. Kh1 b5 12. Ne5 Nxe5 13. fxe5 Qxe5 14. Bf4 Qh5 15.
Bxb8 Qxd1 16. Raxd1 a6 17. Bf4 Rd8 18. h3 Nh5 19. Ne4 Nxf4 20. Rxf4 e5 21. Rf2
f5 22. Nd2 Bf6 23. Bf1 Bb7+ 24. Bg2 Bc8 25. Rff1 Kf7 26. Nb3 Be7 27. Na5 Rd6 28.
Rfe1 Bf6 29. Nb7 Bxb7 30. Bxb7 a5 31. Bc8 g6 32. Bb7 Rb6 33. Bd5+ Ke7 34. b3 Rd6
35. c4 b4 36. d4 cxd4 37. Rxd4 e4 38. Rdd1 Be5 39. Kg2 Kf6 40. Bg8 h6 41. Rxd6+
Bxd6 42. Rd1 Ke5 43. Rd5+ {Black resigns} 1-0